[Event "7th Cattolica Open-A 2020"]
[Site "Cattolica"]
[Date "2020.08.31"]
[Round "1.1"]
[White "Studer, Noel"]
[Black "Gallana, Marco"]
[Result "1-0"]
[ECO "B38"]
[WhiteElo "2573"]
[BlackElo "2195"]
[Annotator "ChessBase"]
[PlyCount "53"]
[EventDate "2020.08.31"]
[EventType "swiss"]
[EventCountry "ITA"]
[SourceTitle "playchess.com"]
[Source "ChessBase"]
[SourceQuality "1"]
[TimeControl "5400+30"]

1. c4 g6 2. e4 c5 3. Nf3 Bg7 4. d4 cxd4 5. Nxd4 Nc6 6. Be3 Nh6 7. Be2 f6 8. Nc3 Nf7 9. h4 Nxd4 10. Bxd4 d6 11. h5 g5 12. g3 h6 13. Qb3 e6 14. c5 O-O 15. Rd1 dxc5 16. Bxc5 Qc7 17. Bxf8 Bxf8 18. O-O a6 19. Rc1 Qe5 20. Na4 Bd7 21. Nb6 Rd8 22. Bc4 Bc6 23. Bxe6 Qxe4 24. Bxf7+ Kh8 25. Rxc6 Qxc6 26. Bd5 Qc7 27. Bg2 1-0

[Event "7th Cattolica Open-A 2020"]
[Site "Cattolica"]
[Date "2020.08.31"]
[Round "1.2"]
[White "Paduano, Claudio"]
[Black "Degraeve, Jean-Marc"]
[Result "0-1"]
[ECO "E61"]
[WhiteElo "2266"]
[BlackElo "2530"]
[Annotator "ChessBase"]
[PlyCount "84"]
[EventDate "2020.08.31"]
[EventType "swiss"]
[EventCountry "ITA"]
[SourceTitle "playchess.com"]
[Source "ChessBase"]
[SourceQuality "1"]
[TimeControl "5400+30"]

1. d4 d6 2. c4 e5 3. e3 Nf6 4. Nc3 Nbd7 5. g3 g6 6. Bg2 Bg7 7. Nge2 O-O 8. O-O Re8 9. Qc2 c6 10. f4 exd4 11. exd4 Nb6 12. b3 Bf5 13. Qd2 d5 14. c5 Nbd7 15. Bb2 Ne4 16. Nxe4 Bxe4 17. Rae1 f5 18. Nc1 Qf6 19. b4 a5 20. bxa5 Nxc5 21. Qb4 Na6 22. Qb3 Nc7 23. Qb6 Nb5 24. Nb3 Nd6 25. Qb4 Nc4 26. Bc3 Qf7 27. Bxe4 dxe4 28. Rd1 Ne3 29. Nc5 Nxf1 30. Rxf1 Qd5 31. Nxb7 Reb8 32. Qb6 c5 33. a6 cxd4 34. Bb4 Qxa2 35. Ba5 Qd5 36. Rc1 d3 37. Kf1 e3 38. Qxe3 Rxa6 39. Rc7 Rxa5 40. Rxg7+ Kxg7 41. Qe7+ Kg8 42. Nxa5 d2 0-1

[Event "7th Cattolica Open-A 2020"]
[Site "Cattolica"]
[Date "2020.08.31"]
[Round "1.3"]
[White "Van Foreest, Lucas"]
[Black "Schloffer, Jasmin-Denise"]
[Result "1-0"]
[ECO "C97"]
[WhiteElo "2531"]
[BlackElo "2110"]
[Annotator "ChessBase"]
[PlyCount "74"]
[EventDate "2020.08.31"]
[EventType "swiss"]
[EventCountry "ITA"]
[SourceTitle "playchess.com"]
[Source "ChessBase"]
[SourceQuality "1"]
[TimeControl "5400+30"]

1. e4 e5 2. Nf3 Nc6 3. Bb5 a6 4. Ba4 Nf6 5. O-O Be7 6. Re1 b5 7. Bb3 d6 8. c3 O-O 9. h3 Na5 10. Bc2 c5 11. d4 Qc7 12. d5 Bd7 13. b3 g6 14. Be3 Nh5 15. Nbd2 Ng7 16. g4 f6 17. Nf1 Nb7 18. Qe2 Rfb8 19. Ng3 Nd8 20. Nh2 Nf7 21. f4 a5 22. a4 bxa4 23. bxa4 Rb2 24. Nf3 exf4 25. Bxf4 Ne5 26. Nxe5 fxe5 27. Bc1 Rbb8 28. Kh2 Bh4 29. Rg1 Rf8 30. Be3 Rab8 31. Rg2 Bxg3+ 32. Kxg3 Rf7 33. Bd3 Rbf8 34. Bb5 Bc8 35. Rgg1 Qe7 36. Rgf1 Ne8 37. h4 Nc7 1-0

[Event "7th Cattolica Open-A 2020"]
[Site "Cattolica"]
[Date "2020.08.31"]
[Round "1.4"]
[White "Colonetti, Fabio"]
[Black "David, Alberto"]
[Result "1-0"]
[ECO "E57"]
[WhiteElo "2070"]
[BlackElo "2520"]
[Annotator "ChessBase"]
[PlyCount "82"]
[EventDate "2020.08.31"]
[EventType "swiss"]
[EventCountry "ITA"]
[SourceTitle "playchess.com"]
[Source "ChessBase"]
[SourceQuality "1"]
[TimeControl "5400+30"]

1. d4 Nf6 2. c4 e6 3. Nc3 Bb4 4. e3 O-O 5. Bd3 c5 6. Nf3 d5 7. O-O cxd4 8. exd4 dxc4 9. Bxc4 b6 10. Bg5 Bb7 11. Re1 Nc6 12. a3 Be7 13. Ba2 Rc8 14. Qd3 h6 15. Bd2 Bc5 16. Be3 Bd6 17. Rad1 Ne7 18. Ne5 Ned5 19. Bc1 Bxe5 20. dxe5 Nxc3 21. bxc3 Qxd3 22. Rxd3 Ne4 23. Rd7 Bc6 24. Rxa7 Nxc3 25. Bb3 Bd5 26. Bxd5 Nxd5 27. g3 Rc2 28. Be3 Rfc8 29. Bd4 Rd2 30. Be3 Ra2 31. Ra6 Rcc2 32. Bd4 g5 33. Rf1 b5 34. Ra5 Rd2 35. Bc5 Rab2 36. h3 Re2 37. Bd4 Rbd2 38. Ba1 Ne3 39. Ra8+ Kg7 40. Rb1 Rxf2 41. Bc3 Rg2+ 1-0

[Event "7th Cattolica Open-A 2020"]
[Site "Cattolica"]
[Date "2020.08.31"]
[Round "1.5"]
[White "Bailet, Pierre"]
[Black "Cardili, Mariano"]
[Result "1-0"]
[ECO "B11"]
[WhiteElo "2500"]
[BlackElo "2081"]
[Annotator "ChessBase"]
[PlyCount "57"]
[EventDate "2020.08.31"]
[EventType "swiss"]
[EventCountry "ITA"]
[SourceTitle "playchess.com"]
[Source "ChessBase"]
[SourceQuality "1"]
[TimeControl "5400+30"]

1. e4 c6 2. Nf3 d5 3. Nc3 Bg4 4. h3 Bxf3 5. Qxf3 e6 6. Be2 Nd7 7. d4 dxe4 8. Nxe4 Ngf6 9. O-O Nxe4 10. Qxe4 Nf6 11. Qd3 Be7 12. c4 O-O 13. Rd1 Qc7 14. Be3 Rfd8 15. Bf3 e5 16. d5 c5 17. Re1 Nd7 18. Rad1 Bd6 19. Bd2 Rf8 20. Bg4 Rae8 21. Bf5 Kh8 22. Bc3 g6 23. Bxd7 Qxd7 24. f4 f6 25. fxe5 Bxe5 26. Bxe5 fxe5 27. Re4 Qf5 28. Qe3 b6 29. Re1 1-0

[Event "7th Cattolica Open-A 2020"]
[Site "Cattolica"]
[Date "2020.08.31"]
[Round "1.6"]
[White "Pirrello, Christian"]
[Black "Mendonca, Leon Luke"]
[Result "0-1"]
[ECO "E19"]
[WhiteElo "2073"]
[BlackElo "2490"]
[Annotator "ChessBase"]
[PlyCount "36"]
[EventDate "2020.08.31"]
[EventType "swiss"]
[EventCountry "ITA"]
[SourceTitle "playchess.com"]
[Source "ChessBase"]
[SourceQuality "1"]
[TimeControl "5400+30"]

1. Nf3 Nf6 2. c4 b6 3. g3 Bb7 4. Bg2 e6 5. O-O Be7 6. Nc3 O-O 7. d4 Ne4 8. Qc2 Nxc3 9. Qxc3 d6 10. Ne1 Bxg2 11. Nxg2 c5 12. d5 exd5 13. cxd5 Nd7 14. e4 Bf6 15. Qc2 Re8 16. Bd2 Rc8 17. Rfe1 Ne5 18. Re2 Nf3+ 0-1

[Event "7th Cattolica Open-A 2020"]
[Site "Cattolica"]
[Date "2020.08.31"]
[Round "1.7"]
[White "Reimanis, Ritvars"]
[Black "Baracca, Paolo"]
[Result "1-0"]
[ECO "A16"]
[WhiteElo "2421"]
[BlackElo "2057"]
[Annotator "ChessBase"]
[PlyCount "51"]
[EventDate "2020.08.31"]
[EventType "swiss"]
[EventCountry "ITA"]
[SourceTitle "playchess.com"]
[Source "ChessBase"]
[SourceQuality "1"]
[TimeControl "5400+30"]

1. c4 Nf6 2. Nc3 g6 3. g3 Bg7 4. Bg2 O-O 5. Rb1 c6 6. e4 d6 7. d4 Nbd7 8. f4 e5 9. fxe5 dxe5 10. d5 cxd5 11. cxd5 Nb6 12. Nf3 Ne8 13. O-O Nd6 14. a4 Bd7 15. b3 Qc7 16. Ba3 Nbc8 17. Rc1 Qb6+ 18. Kh1 Bh6 19. Nxe5 Be8 20. Ng4 Bxc1 21. Nf6+ Kg7 22. Bxc1 Ne7 23. Bb2 Nc4 24. bxc4 Qxb2 25. Qd4 Nf5 26. exf5 1-0

[Event "7th Cattolica Open-A 2020"]
[Site "Cattolica"]
[Date "2020.08.31"]
[Round "1.8"]
[White "Charaus, Florian"]
[Black "Solomon, Kenny"]
[Result "0-1"]
[ECO "E15"]
[WhiteElo "2055"]
[BlackElo "2352"]
[Annotator "ChessBase"]
[PlyCount "48"]
[EventDate "2020.08.31"]
[EventType "swiss"]
[EventCountry "ITA"]
[SourceTitle "playchess.com"]
[Source "ChessBase"]
[SourceQuality "1"]
[TimeControl "5400+30"]

1. d4 Nf6 2. c4 e6 3. Nf3 b6 4. g3 Ba6 5. Qc2 Bb7 6. Bg2 Bb4+ 7. Bd2 a5 8. O-O Na6 9. a3 Bxd2 10. Nbxd2 d5 11. Ne5 O-O 12. Rfd1 Qe7 13. cxd5 exd5 14. Re1 Rfe8 15. Rac1 c5 16. e3 Rad8 17. Nd3 c4 18. Ne5 b5 19. b3 Rc8 20. bxc4 dxc4 21. e4 Qxa3 22. Ra1 Nb4 23. Qb1 Qc3 24. Rxa5 Nd3 0-1

[Event "7th Cattolica Open-A 2020"]
[Site "Cattolica"]
[Date "2020.08.31"]
[Round "1.9"]
[White "Degraeve, Remy"]
[Black "Louis, Corentin"]
[Result "1-0"]
[ECO "A52"]
[WhiteElo "2349"]
[BlackElo "2053"]
[Annotator "ChessBase"]
[PlyCount "93"]
[EventDate "2020.08.31"]
[EventType "swiss"]
[EventCountry "ITA"]
[SourceTitle "playchess.com"]
[Source "ChessBase"]
[SourceQuality "1"]
[TimeControl "5400+30"]

1. d4 Nf6 2. c4 e5 3. dxe5 Ng4 4. Bf4 Nc6 5. Nf3 Bb4+ 6. Nbd2 Qe7 7. e3 Ngxe5 8. Nxe5 Nxe5 9. Be2 O-O 10. O-O Ng6 11. Bg3 Bd6 12. Bxd6 Qxd6 13. Rc1 Qe7 14. c5 d6 15. cxd6 Qxd6 16. Qc2 c6 17. Rfd1 Qe7 18. Nb3 Be6 19. Nc5 Rac8 20. Qe4 Rfe8 21. Nxe6 Qxe6 22. Qxe6 fxe6 23. Rd7 Re7 24. Rxe7 Nxe7 25. Rd1 Nd5 26. e4 Nf6 27. f3 Kf7 28. Kf2 Ke7 29. Rd3 c5 30. Ke3 Nd7 31. f4 Nb8 32. Rc3 Rc6 33. e5 Nd7 34. Ke4 Nb6 35. Rh3 h6 36. Rg3 Kf8 37. Bb5 Rc7 38. Rg6 Kf7 39. f5 exf5+ 40. Kxf5 Nc8 41. e6+ Kf8 42. Ke5 c4 43. Bd7 c3 44. bxc3 Rxc3 45. Rg3 Rxg3 46. hxg3 Nb6 47. Kd6 1-0

[Event "7th Cattolica Open-A 2020"]
[Site "Cattolica"]
[Date "2020.08.31"]
[Round "1.10"]
[White "Ballotti, Luca"]
[Black "Krallis, Christos"]
[Result "0-1"]
[ECO "A25"]
[WhiteElo "2026"]
[BlackElo "2402"]
[Annotator "ChessBase"]
[PlyCount "60"]
[EventDate "2020.08.31"]
[EventType "swiss"]
[EventCountry "ITA"]
[SourceTitle "playchess.com"]
[Source "ChessBase"]
[SourceQuality "1"]
[TimeControl "5400+30"]

1. c4 e5 2. g3 Nc6 3. Bg2 g6 4. Nc3 Bg7 5. b3 Nge7 6. Bb2 d6 7. d3 O-O 8. e3 Bf5 9. Nge2 Qd7 10. h3 Rae8 11. Qd2 a6 12. Nd5 Nd8 13. g4 Be6 14. g5 Bxd5 15. cxd5 c6 16. e4 cxd5 17. exd5 Nf5 18. Ng3 f6 19. Be4 Nxg3 20. fxg3 f5 21. Bf3 e4 22. dxe4 fxe4 23. Bg4 e3 24. Qe2 Qc7 25. Bxg7 Qa5+ 26. Kd1 Rf2 27. Be6+ Rxe6 28. dxe6 Qd5+ 29. Bd4 Qxd4+ 30. Ke1 Qxa1+ 0-1

[Event "7th Cattolica Open-A 2020"]
[Site "Cattolica"]
[Date "2020.09.01"]
[Round "2.2"]
[White "Degraeve, Jean-Marc"]
[Black "Alanic, Mickael"]
[Result "1-0"]
[ECO "C49"]
[WhiteElo "2530"]
[BlackElo "2306"]
[Annotator "RC"]
[PlyCount "55"]
[EventDate "2020.08.31"]
[EventType "swiss"]
[EventCountry "ITA"]
[SourceTitle "playchess.com"]
[Source "ChessBase"]
[SourceQuality "1"]
[TimeControl "5400+30"]

1. e4 e5 2. Nf3 Nc6 3. Nc3 Nf6 4. Bb5 Bb4 5. O-O O-O 6. Bxc6 bxc6 7. Nxe5 Bxc3 8. dxc3 Re8 9. Bf4 Nxe4 10. Re1 Nf6 11. Qf3 Rb8 12. b3 Re6 13. c4 c5 14. Bg5 h6 15. Bxf6 Qxf6 16. Qxf6 Rxf6 17. Nd3 Kf8 18. Nxc5 Rf5 19. Na4 Bb7 20. Re3 Rg5 21. f3 Re8 22. Rae1 Re6 23. Kf2 Rf5 24. Nc3 a6 25. Rd1 Rg5 26. Rxe6 dxe6 27. Rd7 Rc5 28. Na4 1-0

[Event "7th Cattolica Open-A 2020"]
[Site "Cattolica"]
[Date "2020.09.01"]
[Round "2.3"]
[White "Le Goff, Damien"]
[Black "Van Foreest, Lucas"]
[Result "1-0"]
[ECO "B06"]
[WhiteElo "2281"]
[BlackElo "2531"]
[Annotator "RC"]
[PlyCount "135"]
[EventDate "2020.08.31"]
[EventType "swiss"]
[EventCountry "ITA"]
[SourceTitle "playchess.com"]
[Source "ChessBase"]
[SourceQuality "1"]
[TimeControl "5400+30"]

1. e4 g6 2. d4 Bg7 3. Nc3 d6 4. Be3 a6 5. Qd2 b5 6. h4 h5 7. Bd3 Nc6 8. Nf3 e5 9. d5 Nce7 10. Ng5 f6 11. Nh3 Nh6 12. f3 Nf7 13. a4 b4 14. Ne2 a5 15. Bb5+ Bd7 16. c4 O-O 17. O-O-O c6 18. dxc6 Be6 19. b3 Qc8 20. Kb1 Nxc6 21. Ka2 Na7 22. Nf2 Rd8 23. Bxa7 Rxa7 24. g4 Bh6 25. Qd3 Qc5 26. Rh2 Kh8 27. Rg1 Be3 28. Rgg2 Rg8 29. Nd1 Bh6 30. gxh5 g5 31. Ne3 gxh4 32. Rxg8+ Kxg8 33. Nf5 Bxf5 34. exf5 Bg5 35. Qe4 d5 36. Qxd5 Qxd5 37. cxd5 Rc7 38. Bd3 Kg7 39. f4 exf4 40. Nd4 Rc3 41. Rh3 f3 42. Rxf3 Ne5 43. d6 Kf7 44. d7 Ke7 45. Ne6 Kxd7 46. Bb5+ Ke7 47. Rxc3 bxc3 48. Kb1 h3 49. Bf1 h2 50. Bg2 Ng4 51. Nd4 Bf4 52. Bf3 Nf2 53. Kc2 h1=Q 54. Bxh1 Nxh1 55. Nc6+ Kd7 56. Nxa5 Ng3 57. Kxc3 Nxf5 58. Kd3 Ng3 59. Nc4 Nxh5 60. Ke4 Ke6 61. a5 Bb8 62. b4 Ng3+ 63. Kd4 Nf5+ 64. Kc5 Nd6 65. Nxd6 Bxd6+ 66. Kc6 f5 67. a6 Bb8 68. b5 1-0

[Event "7th Cattolica Open-A 2020"]
[Site "Cattolica"]
[Date "2020.09.02"]
[Round "3.6"]
[White "Carlo, Emanuele"]
[Black "Bettalli, Francesco"]
[Result "1-0"]
[ECO "B54"]
[WhiteElo "2280"]
[BlackElo "2206"]
[Annotator "ChessBase"]
[PlyCount "105"]
[EventDate "2020.08.31"]
[EventType "swiss"]
[EventCountry "ITA"]
[SourceTitle "playchess.com"]
[Source "ChessBase"]
[SourceQuality "1"]
[TimeControl "5400+30"]

1. e4 c5 2. Nf3 Nc6 3. Nc3 d6 4. d4 cxd4 5. Nxd4 e5 6. Nf5 g6 7. Ne3 Nd4 8. Ned5 Be6 9. Be3 Bg7 10. Bb5+ Kf8 11. Bc4 Rc8 12. Bb3 h6 13. O-O Ne7 14. Nxe7 Qxe7 15. f4 Kg8 16. Qd3 Nc6 17. f5 gxf5 18. exf5 Bxb3 19. axb3 e4 20. Qd2 Be5 21. Nd5 Qh4 22. g3 Qh3 23. Ra4 Kh7 24. Rxe4 Rhg8 25. Bf4 Rg4 26. Qg2 Qxg2+ 27. Kxg2 Nd4 28. c3 Nxb3 29. h3 Rxf4 30. gxf4 Nd2 31. Re2 Rg8+ 32. Kf2 Nxf1 33. fxe5 Rg5 34. Kxf1 Rxf5+ 35. Ke1 dxe5 36. Rf2 Rxf2 37. Kxf2 Kg6 38. Ne7+ Kf6 39. Nc8 a6 40. Nd6 b6 41. c4 Ke6 42. Nc8 b5 43. cxb5 axb5 44. Na7 b4 45. Nc6 Kd5 46. Nxb4+ Kc5 47. Nd3+ Kd4 48. Ke2 f5 49. b4 f4 50. Nxf4 exf4 51. Kf3 Kc4 52. Kxf4 Kxb4 53. Kf5 1-0

[Event "7th Cattolica Open-A 2020"]
[Site "Cattolica"]
[Date "2020.09.02"]
[Round "3.8"]
[White "Pirrello, Christian"]
[Black "Krallis, Christos"]
[Result "1/2-1/2"]
[ECO "B38"]
[WhiteElo "2073"]
[BlackElo "2402"]
[Annotator "ChessBase"]
[PlyCount "159"]
[EventDate "2020.08.31"]
[EventType "swiss"]
[EventCountry "ITA"]
[SourceTitle "playchess.com"]
[Source "ChessBase"]
[SourceQuality "1"]
[TimeControl "5400+30"]

1. Nf3 c5 2. c4 g6 3. d4 cxd4 4. Nxd4 Bg7 5. e4 Nc6 6. Be3 Nf6 7. Nc3 O-O 8. Be2 d6 9. Qd2 Bd7 10. f3 Nxd4 11. Bxd4 Bc6 12. O-O a5 13. Nd5 Bxd5 14. cxd5 Nd7 15. Be3 Nc5 16. Rac1 Qb6 17. b3 Qb4 18. Rfd1 b6 19. Rc4 Qxd2 20. Rxd2 f5 21. exf5 gxf5 22. Rc1 f4 23. Bf2 Be5 24. Bb5 Rf5 25. Bd4 Raf8 26. Re1 Bxd4+ 27. Rxd4 Re5 28. Rxe5 dxe5 29. Rd2 Kf7 30. d6 e6 31. d7 Ke7 32. Re2 Kd6 33. Rd2+ Kc7 34. Re2 Nxd7 35. Bxd7 Kxd7 36. Rxe5 Rc8 37. Re2 Rc5 38. g3 e5 39. Kf2 Kd6 40. gxf4 exf4 41. Kg2 Rc3 42. Rf2 Kc5 43. Re2 b5 44. Re5+ Kc6 45. Re2 Kd5 46. Rd2+ Kc5 47. Re2 a4 48. bxa4 bxa4 49. Re7 Rc2+ 50. Kh3 Rxa2 51. Rxh7 Rb2 52. Ra7 Kb4 53. Kg4 Rxh2 54. Kxf4 Rh5 55. Ke4 a3 56. Kd3 Rc5 57. Rb7+ Ka4 58. Ra7+ Kb3 59. Rb7+ Ka2 60. Kd2 Rc4 61. Rb8 Ka1 62. Rb3 Ka2 63. Rb8 Rf4 64. Kc2 Rxf3 65. Rb7 Rf8 66. Rb6 Rc8+ 67. Kd2 Rh8 68. Kc2 Rh2+ 69. Kc1 Rb2 70. Rh6 Rg2 71. Rb6 Rg1+ 72. Kc2 Ka1 73. Ra6 Rg3 74. Ra8 a2 75. Rb8 Rg7 76. Rb6 Rc7+ 77. Kd2 Rh7 78. Kc2 Rh2+ 79. Kc1 Rc2+ 80. Kxc2 1/2-1/2

[Event "7th Cattolica Open-A 2020"]
[Site "Cattolica"]
[Date "2020.09.03"]
[Round "4.8"]
[White "Mendonca, Leon Luke"]
[Black "Nineuil, Vincent"]
[Result "1/2-1/2"]
[ECO "E17"]
[WhiteElo "2490"]
[BlackElo "1920"]
[Annotator "RC"]
[PlyCount "82"]
[EventDate "2020.08.31"]
[EventType "swiss"]
[EventCountry "ITA"]
[SourceTitle "playchess.com"]
[Source "ChessBase"]
[SourceQuality "1"]
[TimeControl "5400+30"]

1. Nf3 d5 2. g3 Nf6 3. Bg2 e6 4. O-O Be7 5. c4 O-O 6. b3 b6 7. Bb2 Bb7 8. cxd5 exd5 9. d4 Nbd7 10. Nc3 Ne4 11. Nxe4 dxe4 12. Nd2 f5 13. Nc4 Nf6 14. Qc2 Bd5 15. Rac1 Rc8 16. Ne3 Qd7 17. Rfd1 c6 18. Qd2 b5 19. Bc3 Be6 20. d5 Nxd5 21. Nxd5 Bxd5 22. e3 Qe6 23. Bf1 a6 24. Bb4 Rfd8 25. Bxe7 Qxe7 26. Qa5 Ra8 27. Rd2 g5 28. Rcd1 Qe5 29. Bc4 f4 30. Bxd5+ cxd5 31. Qb6 Rd6 32. Qb7 Rad8 33. Kh1 Qf5 34. gxf4 gxf4 35. Rg1+ Rg6 36. Rxg6+ hxg6 37. Qc7 Rd7 38. Qb8+ Kh7 39. exf4 e3 40. fxe3 Qe4+ 41. Rg2 Qb1+ 1/2-1/2

[Event "7th Cattolica Open-A 2020"]
[Site "Cattolica"]
[Date "2020.09.05"]
[Round "6.4"]
[White "Krallis, Christos"]
[Black "Van Foreest, Lucas"]
[Result "1/2-1/2"]
[ECO "E04"]
[WhiteElo "2402"]
[BlackElo "2531"]
[Annotator "RC"]
[PlyCount "54"]
[EventDate "2020.08.31"]
[EventType "swiss"]
[EventCountry "ITA"]
[SourceTitle "playchess.com"]
[Source "ChessBase"]
[SourceQuality "1"]
[TimeControl "5400+30"]

1. d4 Nf6 2. c4 e6 3. Nf3 d5 4. g3 dxc4 5. Bg2 a6 6. O-O Nc6 7. e3 Rb8 8. Qe2 b5 9. b3 cxb3 10. axb3 Bd6 11. Bd2 Bb7 12. Rc1 O-O 13. Ne1 Qd7 14. Nd3 Rfd8 15. Nc5 Bxc5 16. Rxc5 Nxd4 17. exd4 Qxd4 18. Qe5 Ne4 19. Qxd4 Rxd4 20. Bxe4 Bxe4 21. Nc3 Bf3 22. Be3 Rd3 23. b4 Rbd8 24. Re1 c6 25. Ne2 Rd1 26. Kf1 Bg2+ 27. Kxg2 Rxe1 1/2-1/2

[Event "7th Cattolica Open-A 2020"]
[Site "Cattolica"]
[Date "2020.09.05"]
[Round "6.8"]
[White "Le Goff, Damien"]
[Black "Carlo, Emanuele"]
[Result "1-0"]
[ECO "B23"]
[WhiteElo "2281"]
[BlackElo "2280"]
[Annotator "ChessBase"]
[PlyCount "81"]
[EventDate "2020.08.31"]
[EventType "swiss"]
[EventCountry "ITA"]
[SourceTitle "playchess.com"]
[Source "ChessBase"]
[SourceQuality "1"]
[TimeControl "5400+30"]

1. e4 c5 2. Nc3 d6 3. Nge2 e5 4. g3 g6 5. Bg2 Bg7 6. O-O Ne7 7. a3 O-O 8. b4 Nbc6 9. Rb1 Rb8 10. d3 Be6 11. Nd5 Nd4 12. c4 Nxe2+ 13. Qxe2 Bxd5 14. cxd5 cxb4 15. axb4 f5 16. f3 a5 17. bxa5 Qxa5 18. Bd2 Qa6 19. Ra1 Qb6+ 20. Be3 Qd8 21. Rfb1 b5 22. Bf2 Qd7 23. Ra7 Rb7 24. Rxb7 Qxb7 25. Qb2 Rb8 26. Qb4 Qc7 27. Ra1 fxe4 28. dxe4 Nc8 29. Bf1 Rb7 30. Ra8 Bf8 31. Ra3 Na7 32. Bh3 Bh6 33. Kg2 Bf8 34. Rc3 Qb8 35. Be6+ Kg7 36. f4 Rc7 37. Rf3 Qe8 38. Qb2 Nc6 39. Rc3 b4 40. Rc1 Qe7 41. Bb6 1-0

[Event "7th Cattolica Open-A 2020"]
[Site "Cattolica"]
[Date "2020.09.05"]
[Round "6.10"]
[White "Louis, Corentin"]
[Black "Alanic, Mickael"]
[Result "0-1"]
[ECO "B20"]
[WhiteElo "2053"]
[BlackElo "2306"]
[Annotator "ChessBase"]
[PlyCount "44"]
[EventDate "2020.08.31"]
[EventType "swiss"]
[EventCountry "ITA"]
[SourceTitle "playchess.com"]
[Source "ChessBase"]
[SourceQuality "1"]
[TimeControl "5400+30"]

1. f4 c5 2. Nf3 Nc6 3. g3 g6 4. Bg2 Bg7 5. d3 e6 6. e4 Nge7 7. O-O O-O 8. c3 d5 9. Be3 d4 10. Bf2 dxc3 11. bxc3 b6 12. d4 Ba6 13. Re1 cxd4 14. cxd4 Rc8 15. Qa4 Bd3 16. Nbd2 b5 17. Qa3 Nxd4 18. Nxd4 Bxd4 19. Bxd4 Qxd4+ 20. Kh1 b4 21. Qa5 Rc2 22. Rad1 Qf2 0-1

[Event "7th Cattolica Open-A 2020"]
[Site "Cattolica"]
[Date "2020.09.06"]
[Round "7.10"]
[White "Alanic, Xavier"]
[Black "Schloffer, Jasmin-Denise"]
[Result "1-0"]
[ECO "A36"]
[WhiteElo "2249"]
[BlackElo "2110"]
[Annotator "RC"]
[PlyCount "99"]
[EventDate "2020.08.31"]
[EventType "swiss"]
[EventCountry "ITA"]
[SourceTitle "playchess.com"]
[Source "ChessBase"]
[SourceQuality "1"]
[TimeControl "5400+30"]

1. c4 c5 2. Nc3 Nc6 3. g3 g6 4. Bg2 Bg7 5. e4 e5 6. a3 d6 7. d3 Nge7 8. Rb1 a5 9. Nge2 O-O 10. O-O f5 11. f4 Rb8 12. Be3 Be6 13. fxe5 Nxe5 14. Nf4 Bf7 15. h3 b6 16. Qd2 Qd7 17. Kh2 h6 18. b3 g5 19. Nfe2 Bg6 20. Rbd1 N5c6 21. d4 Qe8 22. Bg1 Rd8 23. exf5 Rxf5 24. Nb5 Qf7 25. g4 Rxf1 26. Rxf1 Qe8 27. d5 Be5+ 28. Kh1 Nb8 29. Nec3 Qd7 30. Bh2 Bxh2 31. Kxh2 Rf8 32. Rxf8+ Kxf8 33. Be4 Qd8 34. h4 Nd7 35. hxg5 Ne5 36. Qf4+ Kg8 37. Kg3 h5 38. gxh5 Bxh5 39. Qf6 Qd7 40. Qe6+ Qxe6 41. dxe6 Bg4 42. Bd5 Nf5+ 43. Kg2 Kf8 44. Na4 Bd1 45. Nxb6 Bxb3 46. Kf2 Kg7 47. Ke1 Kg6 48. Be4 Kxg5 49. Bxf5 Kf6 50. Nd5+ 1-0

[Event "7th Cattolica Open-A 2020"]
[Site "Cattolica"]
[Date "2020.09.07"]
[Round "8.5"]
[White "Bettalli, Francesco"]
[Black "Alanic, Xavier"]
[Result "1/2-1/2"]
[ECO "B15"]
[WhiteElo "2206"]
[BlackElo "2249"]
[Annotator "ChessBase"]
[PlyCount "41"]
[EventDate "2020.08.31"]
[EventType "swiss"]
[EventCountry "ITA"]
[SourceTitle "playchess.com"]
[Source "ChessBase"]
[SourceQuality "1"]
[TimeControl "5400+30"]

1. e4 c6 2. d4 d5 3. Nd2 dxe4 4. Nxe4 Nf6 5. Nxf6+ exf6 6. c3 Bd6 7. Bd3 Be6 8. Qc2 Nd7 9. Ne2 Qc7 10. c4 c5 11. Be3 cxd4 12. Nxd4 Ne5 13. Nxe6 Nxd3+ 14. Qxd3 fxe6 15. O-O-O O-O-O 16. Qe4 Rhe8 17. Kb1 f5 18. Qc2 a6 19. h3 g6 20. Bg5 Be7 21. Bxe7 1/2-1/2

[Event "7th Cattolica Open-A 2020"]
[Site "Cattolica"]
[Date "2020.09.07"]
[Round "8.6"]
[White "Gallana, Marco"]
[Black "Degraeve, Remy"]
[Result "1-0"]
[ECO "D85"]
[WhiteElo "2195"]
[BlackElo "2349"]
[Annotator "ChessBase"]
[PlyCount "89"]
[EventDate "2020.08.31"]
[EventType "swiss"]
[EventCountry "ITA"]
[SourceTitle "playchess.com"]
[Source "ChessBase"]
[SourceQuality "1"]
[TimeControl "5400+30"]

1. d4 Nf6 2. Nf3 g6 3. c4 Bg7 4. Nc3 d5 5. cxd5 Nxd5 6. e4 Nxc3 7. bxc3 c5 8. Be3 Qa5 9. Qd2 O-O 10. Rc1 Nd7 11. Bd3 e5 12. d5 f5 13. Bh6 f4 14. Bxg7 Kxg7 15. Rb1 Qd8 16. O-O g5 17. Bb5 g4 18. Ne1 Nf6 19. f3 gxf3 20. Nxf3 Qd6 21. Qe1 a6 22. Bd3 c4 23. Bc2 Ng4 24. Qh4 Re8 25. Ng5 Qg6 26. Bd1 Nf6 27. Rb6 h6 28. Nh7 Kxh7 29. Rxf6 Qg5 30. Qxg5 hxg5 31. Rb6 Rb8 32. Ba4 Rg8 33. Rfb1 g4 34. R1b4 Rg6 35. d6 Rg7 36. Rxc4 Be6 37. Rc7 Rc8 38. Rxg7+ Kxg7 39. d7 Bxd7 40. Bxd7 Rxc3 41. Bxg4 Rc1+ 42. Kf2 Rc2+ 43. Be2 Rxa2 44. Rxb7+ Kf6 45. Rb6+ 1-0

[Event "7th Cattolica Open-A 2020"]
[Site "Cattolica"]
[Date "2020.09.07"]
[Round "8.8"]
[White "Kasioumis, Vasilios"]
[Black "Solomon, Kenny"]
[Result "1/2-1/2"]
[ECO "B90"]
[WhiteElo "2356"]
[BlackElo "2352"]
[Annotator "ChessBase"]
[PlyCount "115"]
[EventDate "2020.08.31"]
[EventType "swiss"]
[EventCountry "ITA"]
[SourceTitle "playchess.com"]
[Source "ChessBase"]
[SourceQuality "1"]
[TimeControl "5400+30"]

1. e4 c5 2. Nf3 d6 3. d4 cxd4 4. Nxd4 Nf6 5. Nc3 a6 6. h3 e5 7. Nde2 h5 8. g3 Be6 9. Bg2 b5 10. Be3 Nbd7 11. a4 b4 12. Nd5 Nxd5 13. exd5 Bf5 14. O-O Rc8 15. c3 bxc3 16. Nxc3 Be7 17. Qe2 Qa5 18. f4 Nc5 19. Bxc5 Qxc5+ 20. Kh2 exf4 21. Rxf4 Bg6 22. Ne4 Qc7 23. Qxa6 O-O 24. Nc3 Bg5 25. Rb4 h4 26. gxh4 Bf6 27. Qb6 Qe7 28. Qf2 Rfe8 29. a5 Rxc3 30. bxc3 Bxc3 31. Raa4 Be1 32. Qf4 Qe2 33. Rd4 Bc3 34. Qxd6 Qb2 35. Rab4 Qf2 36. Qf4 Qa2 37. d6 Re2 38. Qf3 Rf2 39. Qg3 Bxb4 40. Rxb4 Rd2 41. h5 Bxh5 42. Qg5 g6 43. Rb8+ Kh7 44. d7 Bf3 45. Qh4+ Bh5 46. Qg3 Qxa5 47. Rb7 Qf5 48. d8=Q Rxd8 49. Qc7 Rf8 50. Ra7 Kg8 51. Ra5 Qc8 52. Qxc8 Rxc8 53. Ra8 Rxa8 54. Bxa8 Kg7 55. Kg3 Kf6 56. Bd5 g5 57. h4 gxh4+ 58. Kxh4 1/2-1/2

[Event "7th Cattolica Open-A 2020"]
[Site "Cattolica"]
[Date "2020.09.07"]
[Round "8.9"]
[White "Bifulco, Michel"]
[Black "Le Goff, Damien"]
[Result "1/2-1/2"]
[ECO "A85"]
[WhiteElo "2251"]
[BlackElo "2281"]
[Annotator "ChessBase"]
[PlyCount "43"]
[EventDate "2020.08.31"]
[EventType "swiss"]
[EventCountry "ITA"]
[SourceTitle "playchess.com"]
[Source "ChessBase"]
[SourceQuality "1"]
[TimeControl "5400+30"]

1. d4 f5 2. c4 Nf6 3. Nc3 d6 4. Bg5 Nbd7 5. Qc2 g6 6. h4 c6 7. O-O-O Bg7 8. Nh3 Qa5 9. Nf4 Nf8 10. h5 Ne4 11. Nxe4 fxe4 12. h6 Bxd4 13. Bxe7 Qxa2 14. Rxd4 Qa1+ 15. Kd2 Qa5+ 16. Qc3 Qxc3+ 17. Kxc3 Kxe7 18. Rxe4+ Kf6 19. Rd4 Ke7 20. Re4+ Kf6 21. Rd4 Ke7 22. Re4+ 1/2-1/2